 Dungeon Crawl Stone Soup version 0.17-a0-777-g32247ce (webtiles) character file.

91 inmateoo the Grave Robber (level 4, 0/22 HPs)
             Began as a Vine Stalker Necromancer on Apr 25, 2015.
             Slain by an orc
             ... wielding a +0 trident
              (2 damage)
             ... on level 3 of the Dungeon.
             The game lasted 00:04:13 (1699 turns).

inmateoo the Grave Robber (VSNe)                    Turns: 1699, Time: 00:04:14

Health: 0/22       AC:  4    Str: 11    XL:     4   Next: 59%
Magic:  0/9        EV: 13    Int: 16    God:
Gold:   86         SH:  0    Dex: 14    Spells: 2 memorised, 4 levels left

rFire  . . .     SeeInvis .     h - +1 dagger (drain)
rCold  . . .     Clarity  .     a - +1 robe
rNeg   . . .     SustAb   .     (no shield)
rPois  .         Gourm    .     (no helmet)
rElec  .         Spirit   +     (no cloak)
rCorr  .         Warding  .     (no gloves)
rMut   .         Stasis   .     (no boots)
MR     .....                    (no amulet)
Stlth  ++........               (no ring)
                                (no ring)

@: very slightly contaminated, not resistant to hostile enchantments, unstealthy
A: fangs 2, regeneration 1, shaggy fur 1, magic shield, antimagic bite, no
device heal 3, rot immunity
a: no special abilities


You were on level 3 of the Dungeon.
You were not hungry.

You visited 1 branch of the dungeon, and saw 3 of its levels.

You collected 86 gold pieces.

Inventory:

Hand weapons
 h - a +1 dagger of draining (weapon)
Armour
 a - a +1 robe (worn)
Scrolls
 i - 2 scrolls of remove curse
Potions
 d - 5 potions of might {unknown}
 e - a potion of curing
 g - a potion of heal wounds {unknown}
 m - a potion of flight
Books
 b - a book of Necromancy

   Spells                             Type                      Level
   a - Pain                           Necromancy                   1
   b - Animate Skeleton               Necromancy                   1
   c - Vampiric Draining              Necromancy                   3
   d - Regeneration                   Charms/Necromancy            3
   e - Animate Dead                   Necromancy                   4
   f - Control Undead                 Necromancy                   4
Miscellaneous
 o - a plain deck of defence {drawn: 2}
Comestibles
 c - a bread ration
 f - a meat ration
 j - 4 fruits
 n - 2 chunks of flesh


   Skills:
 * Level 1.0 Fighting
 + Level 2.4 Dodging
 - Level 2.4 Stealth
 + Level 2.7 Spellcasting
 * Level 4.8 Necromancy


You had 4 spell levels left.
You knew the following spells:

 Your Spells              Type           Power        Failure   Level  Hunger
a - Pain                  Necr           ###.         2%          1    #......
b - Regeneration          Chrm/Necr      #.........   21%         3    ###....


Dungeon Overview and Level Annotations

Branches:
Dungeon (3/15)

Altars:
Nemelex Xobeh
Ru


Innate Abilities, Weirdness & Mutations

You have extremely sharp teeth.
Your natural rate of healing is unusually fast.
You are covered in fur (AC +1).
When hurt, damage is shared between your health and your magic reserves.
Your bite disrupts and absorbs the magic of your enemies.
Potions and wands cannot restore your health.
You are immune to rotting.


Message History

Your Fighting skill increases to level 1!
The orc misses you.
Unknown command.
You closely miss the orc priest. The orc hits you but does no damage.
The orc barely misses you.
The orc priest looks braver.
Unknown command.
You hit the orc priest. You drain the orc priest! You bite the orc priest.
You drain its power.
You feel invigorated.
The orc priest is heavily wounded.
The orc barely misses you.
The orc priest hits you with a short sword.
* * * LOW HITPOINT WARNING * * *
The orc closely misses you.
You barely miss the orc priest. You bite the orc priest. You drain its power.
You feel invigorated.
The orc priest is severely wounded.
The orc closely misses you. The orc priest barely misses you.
The orc hits you with a trident.
You die...

#...............#
##..............#
#...........(.##
#...#....##.####.#
#..........o.....#
#.....#.###.######
##.....#........#
#......#####.##o#
#.........##.o@o#
#.#..####.#######
#.#.....(.#
.#.#.##..#######
#...............#
#.#.#.##.#......#
#.#.#.##.#......#
. ..............#
#.#
###.####.#......#
#.#


You could see an orc priest and 2 orcs.

Vanquished Creatures
  3 adders
  An ooze (D:2)
  3 worms
  2 orcs (D:3)
  2 ball pythons (D:1)
  2 giant cockroaches
  6 goblins
  6 hobgoblins
  5 jackals
  3 bats (D:1)
  2 giant geckos
  5 kobolds
  5 rats
45 creatures vanquished.

Notes
Turn   | Place    | Note
--------------------------------------------------------------
     0 | D:1      | inmateoo, the Vine Stalker Necromancer, began the quest for the Orb.
     0 | D:1      | Reached XP level 1. HP: 9/9 MP: 4/4
   175 | D:1      | Reached XP level 2. HP: 8/13 MP: 0/6
   707 | D:1      | Reached XP level 3. HP: 16/16 MP: 5/7
   952 | D:2      | Found a sacrificial altar of Ru.
  1123 | D:2      | Reached XP level 4. HP: 17/21 MP: 8/8
  1468 | D:3      | Found a sparkling altar of Nemelex Xobeh.
  1503 | D:2      | Learned a level 3 spell: Regeneration
  1693 | D:3      | HP: 1/21 [orc/short sword (4)]
  1696 | D:3      | Reached skill level 1 in Fighting
  1698 | D:3      | HP: 1/22 [orc priest/short sword (1)]
  1699 | D:3      | Slain by an orc

Action                   |  1- 3 |  4- 6 || total
-------------------------+-------+-------++-------
Melee: Unarmed           |     1 |       ||     1
       Dagger            |    82 |    54 ||   136
 Cast: Pain              |    47 |     8 ||    55
       Regeneration      |       |     1 ||     1
Evoke: Deck              |       |     2 ||     2
  Use: Scroll            |     1 |     6 ||     7
 Stab: Sleeping          |     1 |       ||     1
  Eat: Chunk             |     1 |     1 ||     2
       Bread ration      |       |     1 ||     1
